 Dungeon Crawl Stone Soup version 0.30.1-11-g7821555f0a (webtiles) character file.

Game seed: 188123857581706769

70 Marvel the Trooper (level 4, -6/40 HPs)
             Began as a Hill Orc Fighter on Dec 20, 2023.
             Blown up by Ijyb (12 damage)
             ... with a mindburst bolt
             ... on level 3 of the Dungeon.
             The game lasted 00:02:59 (1661 turns).

Marvel the Trooper (Hill Orc Fighter)               Turns: 1661, Time: 00:03:00

Health: -6/40      AC: 11    Str: 20    XL:     4   Next: 22%
Magic:  4/4        EV:  5    Int:  8    God:
Gold:   52         SH:  4    Dex: 10    Spells: 3/3 levels left

rFire   . . .        a - +0 war axe
rCold   . . .        c - +0 buckler
rNeg    . . .        e - +0 plate armour
rPois   .            (no helmet)
rElec   .            (no cloak)
rCorr   .            (no gloves)
SInv    .            (no boots)
Will    .....        (no amulet) Stlth
                     (no ring)
HPRegen 0.26/turn    (no ring)
MPRegen 0.09/turn

%: no passive effects
@: invisible (expiring)
A: no striking features
a: no special abilities


You were on level 3 of the Dungeon.
You visited 1 branch of the dungeon, and saw 3 of its levels.

You collected 52 gold pieces.

Inventory:

Hand Weapons
 a - a +0 war axe (weapon)
Missiles
 j - 2 javelins (quivered)
Armour
 b - a +0 scale mail
 c - a +0 buckler (worn)
 e - a +0 plate armour (worn)
Wands
 o - a wand of acid (12)
Scrolls
 g - 2 scrolls of vulnerability {unknown}
 h - 2 scrolls of teleportation {unknown}
 l - a scroll of enchant armour {unknown}
 n - a scroll of identify {unknown}
Potions
 d - 2 potions of might
 i - 2 potions of curing {unknown}
 k - a potion of heal wounds {unknown}
 m - a potion of ambrosia {unknown}


   Skills:
 + Level 4.2 Fighting
 + Level 4.1 Axes
 + Level 3.8 Armour
 + Level 3.7 Shields


You had 3 spell levels left.
You didn't know any spells.
Your spell library contained the following spells:

 Spells                   Type           Power      Damage    Failure   Level
 Lesser Beckoning         Tloc           0%         N/A       100%        2
 Gell's Gravitas          Tloc           0%         N/A       100%        3
 Teleport Other           Tloc           0%         N/A       100%        3
 Vhi's Electric Charge    Tloc/Air       0%         N/A       100%        3
 Arcjolt                  Conj/Air       0%         1d10      100%        5
 Maxwell's Capacitive Co  Air            0%         ∞         100%        8


Dungeon Overview and Level Annotations

Branches:
Dungeon (3/15)

Altars:
Ashenzari
Okawaru

Annotations:
D:3 Ijyb


Message History

You add the spells Lesser Beckoning, Gell's Gravitas and Teleport Other to your library.
A rat comes into view.
Found an iron altar of Okawaru.
You hit the rat.
You kill the rat!
No target in view!
Ijyb the Twisted Goblin comes into view.
She is wielding a +0 dagger and carrying a wand of mindburst (21).
Ijyb shouts!
Ijyb zaps a wand.
Your mind is blasted!
Okay, then.
Ijyb zaps a wand.
Your mind is blasted!
Ijyb zaps a wand.
You barely resist. You closely miss Ijyb. Ijyb hits you with a +0 dagger.
Ijyb zaps a wand.
You barely resist. You barely miss Ijyb. Ijyb hits you with a +0 dagger.
It was a potion of invisibility.
You fade into invisibility!
Ijyb zaps a wand.
Your mind is blasted!
* * * LOW HITPOINT WARNING * * *
Ijyb zaps a wand.
You completely miss Ijyb. You block Ijyb's attack.
You closely miss Ijyb. Ijyb hits you with a +0 dagger.
* * * LOW HITPOINT WARNING * * *
You block Ijyb's attack.
Ijyb zaps a wand.
You see here a +0 falchion.
You hit Ijyb but do no damage. Ijyb closely misses you.
You hit Ijyb but do no damage. Ijyb hits you with a +0 dagger.
* * * LOW HITPOINT WARNING * * *
Ijyb hits you but does no damage.
You hit Ijyb but do no damage. Ijyb closely misses you.
Ijyb screams, "Me very upset!"
Ijyb hits you but does no damage.
You hit Ijyb but do no damage. Ijyb hits you but does no damage.
You catch the helpless Ijyb completely off-guard!
You hit Ijyb but do no damage.
Ijyb zaps a wand.
Your mind is blasted!
* * * LOW HITPOINT WARNING * * *
You flicker for a moment.
Ijyb zaps a wand.
Your mind is blasted!
You die...

.... ......# #### #.....#
...# #.....# ...#
#.....#######...#
#.....#.....#...#
#........#......#
#.......###.....#
#......@...g....#
#.....#.).).#...... #.#
#....##.._..##...... #.#
#.....#.).).# ....?. #
#.# ###..............#.#
#. #.# #.....###.........
#. #.# #......#....## #
#..#.#######............
#..#.##.............#####


You could see Ijyb (unable to see you).

Vanquished Creatures
  2 adders (D:2)
  2 worms (D:2)
  A dart slug (D:1)
  8 bats
  4 endoplasms
  2 giant cockroaches
  2 goblins
  4 hobgoblins
  5 ball pythons
  2 frilled lizards (D:2)
  6 kobolds
  8 rats
46 creatures vanquished.

Notes
Turn   | Place    | Note
-------+----------+-------------------------------------------
     0 | D:1      | Marvel the Hill Orc Fighter began the quest for the Orb.
     0 | D:1      | Reached XP level 1. HP: 19/19 MP: 1/1
   178 | D:1      | Reached XP level 2. HP: 19/27 MP: 2/2
   797 | D:2      | Reached XP level 3. HP: 32/33 MP: 3/3
   963 | D:2      | Found a broken altar of Ashenzari.
  1017 | D:2      | Reached XP level 4. HP: 27/40 MP: 4/4
  1287 | D:2      | Identified the +1 robe of Anaesthesia {Will+}
  1617 | D:3      | Found an iron altar of Okawaru.
  1635 | D:3      | Noticed Ijyb
  1661 | D:3      | Blown up by Ijyb

Illustrated notes

Levels and vault maps discovered:
D:1:      dpeg_arrival_more_subterranean_lakeside_camping, layout_loops_ring,
          kennysheep_crisscross
D:2:      layout_loops_ring, basic_altar
D:3:      layout_basic, okawaru_ov_weapons_minmay,
          mainiacjoe_overflow_cross_hatched, serial_shops, shop, uniq_ijyb,
          uniq_robin

Skill      XL: |  1  2  3 |
---------------+----------+-----
Axes           | 3 4 |  4.1
Fighting       | 4 |  4.2
Armour         | |  3.8
Shields        | |  3.7

Action                     |  1- 3 |  4- 6 || total
---------------------------+-------+-------++-------
  Melee: War axe           |    78 |    37 ||   115
    Use: Potion            |       |     1 ||     1
   Stab: Invisible         |       |     1 ||     1
 Armour: Plate armour      |    64 |    16 ||    80
  Dodge: Dodged            |    20 |     8 ||    28
  Block: Buckler           |    21 |     8 ||    29
